 Dungeon Crawl Stone Soup version 0.26-a0-712-ga5a9c9c9d0 (webtiles) character file.

Game seed: 17687467625561174002

(classic levelgen) 681 EnegeticOcto the Chopper (level 7, 54/64 HPs)
             Began as a Deep Dwarf Fighter on Nov 5, 2020.
             Quit the game on level 4 of the Dungeon.
             The game lasted 00:01:03 (1418 turns).

EnegeticOcto the Chopper (Deep Dwarf Fighter)       Turns: 1418, Time: 00:01:03

Health: 54/64      AC: 12    Str: 21    XL:     7   Next: 34%
Magic:  2/2        EV:  4    Int:  9    God:
Gold:   99         SH: 10    Dex: 12    Spells: 6/6 levels left

rFire    . . .     SeeInvis .   a - +0 war axe
rCold    . . .     Faith    .   c - +0 kite shield
rNeg     . . .     Spirit   .   j - +0 plate armour (curse)
rPois    .         Reflect  .   (no helmet)
rElec    .         Harm     .   (no cloak)
rCorr    .         Rampage  .   (no gloves)
MR       +....                  (no boots)
Stlth    ..........             (no amulet)
HPRegen  0.00/turn              (no ring)
MPRegen  0.08/turn              (no ring)

@: non-regenerating
A: damage resistance, heal wounds, sense surroundings 1, no regeneration
a: Heal Wounds


You were on level 4 of the Dungeon.
You visited 1 branch of the dungeon, and saw 4 of its levels.

You collected 99 gold pieces.

Inventory:

Hand Weapons
 a - a +0 war axe (weapon)
Armour
 b - a +0 scale mail
 c - a +0 kite shield (worn)
 f - a +0 plate armour
 j - a cursed +0 plate armour (worn)
Scrolls
 e - a scroll of enchant armour {unknown}
 g - a scroll of teleportation {unknown}
 h - 3 scrolls of identify {unknown}
 l - 2 scrolls of remove curse {unknown}
Potions
 d - 2 potions of might {@q3}
 i - a potion of brilliance {unknown}
 k - a potion of experience {unknown}


   Skills:
 + Level 4.2 Fighting
 * Level 6.0 Axes
 + Level 5.1 Armour
 + Level 5.1 Shields


You had 6 spell levels left.
You didn't know any spells.
Your spell library was empty.

Dungeon Overview and Level Annotations

Branches:
Dungeon (4/15)
 Temple: D:4-7

Altars:
Cheibriados
Elyvilon
Fedhas
Sif Muna
The Shining One


Innate Abilities, Weirdness & Mutations

You are resistant to damage.
You can heal yourself by infusing magical energy.
You passively map a small area around you.
You do not regenerate.


Message History

Things that are here:
a jackal skeleton; a jackal skeleton You see here a jackal skeleton.
There is an open door here.
Things that are here:
a +0 flail; a +0 ring mail You see here a cursed +0 hand axe.
As you open the door, it creaks loudly!
There is an open door here.
You open the door.
There is an open door here.
A giant cockroach comes into view.
Found 8 gold pieces.
A giant cockroach is nearby!
A giant cockroach is nearby!
A giant cockroach is nearby!
A giant cockroach is nearby!
A giant cockroach is nearby!
A giant cockroach is nearby!
A giant cockroach is nearby!
Found a scroll labeled SEBEMOU MIAMOPS.
You block the giant cockroach's attack.
You barely miss the giant cockroach. You block the giant cockroach's attack.
The giant cockroach bites you but does no damage.
Your shield and plate armour prevent you from hitting the giant cockroach.
You block the giant cockroach's attack.
You hit the giant cockroach but do no damage.
You block the giant cockroach's attack.
The giant cockroach bites you but does no damage.
Your shield and plate armour prevent you from hitting the giant cockroach.
You block the giant cockroach's attack.
You closely miss the giant cockroach.
The giant cockroach bites you but does no damage.
You block the giant cockroach's attack.
You slash the giant cockroach!
You kill the giant cockroach!
No target in view!
No target in view!
No target in view!
No target in view!
Found a chain mail.
You now have 88 gold pieces (gained 8).
You see here a chain mail.
l - 2 scrolls labeled SEBEMOU MIAMOPS (gained 1)
You now have 99 gold pieces (gained 11).
A worker ant comes into view.
Found a whip.
A worker ant is nearby!
A worker ant is nearby!
A worker ant is nearby!
A worker ant is nearby!
A worker ant is nearby!
A worker ant is nearby!
A worker ant is nearby!
A worker ant is nearby!
Your shield and plate armour prevent you from hitting the worker ant.
You block the worker ant's attack. The worker ant barely misses you.
You hit the worker ant.
The worker ant is moderately wounded.
The worker ant bites you but does no damage.
You closely miss the worker ant.
The worker ant is moderately wounded.
The worker ant bites you but does no damage. x2
You hit the worker ant.
The worker ant is heavily wounded.
The worker ant bites you but does no damage.
You hit the worker ant.
The worker ant is severely wounded.
You block the worker ant's attack. x2
You hit the worker ant but do no damage.
The worker ant is severely wounded.
You block the worker ant's attack.
You slash the worker ant!
You kill the worker ant!
Your Axes skill increases to level 6!
No target in view!
No target in view!
No target in view!
No target in view!
No target in view!
You see here a worker ant corpse.
You see here a whip.
There is an escape hatch in the floor here.
There is an open door here.
Done exploring.
Done exploring.
Done exploring.
Done exploring.
Done exploring.
Done exploring.
Done exploring.
No target in view!
No target in view!
No target in view!
No target in view!
No target in view!
No target in view!
No target in view!
No target in view!
Are you sure you want to abandon this character and quit the game? (Confirm with "yes".)

......##########.#.# #.#
......# #........# #)#
......# #.####.### #.#
......############ #.#
####'###........## #.#
#.##..........## #.#
####..............# #.#
....##....^.......## #.#
#####...######.#@..######.#
....#..##.8..8.##..##.....#
####..##.......)##..#######
##.##..######..##.##
#..#..##....##..#..#
#.##.##.....≈##.#..#
#.#).#..#[>#..#))#.#
#.#..#..#⌠.#..#†.#.#
#.##.##≈....§#..##.#


There were no monsters in sight!

Vanquished Creatures
  A troll (D:4)
  An ogre (D:4)
  A scorpion (D:4)
  A howler monkey (D:4)
  An iguana (D:4)
  7 worker ants (D:4)
  A howler monkey skeleton (D:4)
  4 adders
  A worm (D:2)
  A dart slug (D:4)
  2 leopard geckos
  9 orcs
  2 giant cockroaches (D:4)
  A hobgoblin (D:2)
  8 jackals
  A kobold (D:2)
  A quokka (D:2)
  A bat (D:1)
  A frilled lizard (D:4)
  A goblin (D:3)
  2 rats
48 creatures vanquished.

Notes
Turn   | Place    | Note
-------+----------+-------------------------------------------
     0 | D:1      | EnegeticOcto the Deep Dwarf Fighter began the quest for the
                  | Orb.
     0 | D:1      | Reached XP level 1. HP: 20/20 MP: 1/1
   222 | D:2      | Reached XP level 2. HP: 18/27 MP: 2/2
   260 | D:2      | Found a shimmering blue altar of Sif Muna.
   321 | D:3      | Reached skill level 3 in Axes
   327 | D:3      | Reached XP level 3. HP: 31/34 MP: 3/3
   371 | D:4      | Noticed a scorpion
   386 | D:4      | Killed a scorpion
   386 | D:4      | Reached XP level 4. HP: 32/42 MP: 4/4
   397 | D:4      | Reached skill level 4 in Axes
   415 | D:4      | Noticed an ogre
   427 | D:4      | Killed an ogre
   427 | D:4      | Reached XP level 5. HP: 49/49 MP: 5/5
   500 | D:4      | Found a white marble altar of Elyvilon.
   528 | D:4      | Reached XP level 6. HP: 33/56 MP: 6/6
   593 | D:4      | Found a snail-covered altar of Cheibriados.
   595 | D:4      | Found a blossoming altar of Fedhas.
   822 | D:4      | Noticed a troll
   852 | D:4      | Reached skill level 5 in Axes
   891 | D:4      | Killed a troll
   891 | D:4      | Reached skill level 5 in Armour
   891 | D:4      | Reached XP level 7. HP: 27/64 MP: 2/2
  1020 | D:4      | Reached skill level 5 in Shields
  1104 | D:4      | Found a glowing golden altar of the Shining One.
  1349 | D:4      | Reached skill level 6 in Axes
  1418 | D:4      | Quit the game

Illustrated notes

Levels and vault maps discovered:
D:1:      arrival_zaba_pyramid, layout_basic
D:2:      minmay_general_purpose_star, layout_basic, lemuel_crystal_altar,
          minmay_close_crescents
D:3:      layout_loops_ring, marbit_many_paths, overflow_temple_1_default,
          uniq_ijyb, uniq_crazy_yiuf_cottage
D:4:      layout_basic, kennysheep_little_box, nicolae_overflow_crystal_walls,
          minitemple, minmay_misc_feat_square, nzn_random_ring

Skill      XL: |  1  2  3  4  5  6  7 |
---------------+----------------------+-----
Axes           | 3 4 5 6 |  6.0
Fighting       | 3 4 |  4.2
Armour         | 4 5 |  5.1
Shields        | 4 5 |  5.1

Action                   |  1- 3 |  4- 6 |  7- 9 || total
-------------------------+-------+-------+-------++-------
Melee: War axe           |    79 |    83 |    54 ||   216
 Abil: Heal Wounds       |     1 |    17 |     2 ||    20
Armor: Plate armour      |    74 |    87 |    27 ||   188
       Scale mail        |     6 |       |       ||     6
Dodge: Dodged            |    15 |    28 |     8 ||    51
Block: Kite shield       |    54 |    89 |    34 ||   177

Table legend: (Time is in decaauts)
 A = Elapsed time spent in this place.
 B = Non-inter-level travel time spent in this place.
 C = Inter-level travel time spent in this place.
 D = Time resting spent in this place.
 E = Time spent auto-exploring this place.
 F = Levels seen in this place.
 G = Mean time per level.
                   A        B        C        D        E       F      G
               +--------+--------+--------+--------+--------+-----+--------+
         Total |   1495 |   1349 |    146 |      0 |    919 |   4 |  373.8 |
       Dungeon |   1495 |   1349 |    146 |      0 |    919 |   4 |  373.8 |
               +--------+--------+--------+--------+--------+-----+--------+

Top non-repeatable levels by time:
     D:4: 1133 daAuts
     D:1: 206 daAuts
     D:2: 81 daAuts
     D:3: 74 daAuts
